 Dungeon Crawl Stone Soup version 0.29-a0-330-g52719c12eb (webtiles) character file.

Game seed: 13024583522075066394

46 kae the Firebug (level 3, 0/26 HPs)
             Began as a Demigod Fire Elementalist on Apr 23, 2022.
             Slain by a hobgoblin (3 damage)
             ... on level 2 of the Dungeon.
             The game lasted 00:00:53 (1991 turns).

kae the Firebug (Demigod Fire Elementalist)         Turns: 1991, Time: 00:00:54

Health: 0/26       AC:  2    Str:  9    XL:     3   Next: 27%
Magic:  0/9        EV: 12    Int: 21    God:
Gold:   115        SH:  0    Dex: 14    Spells: 3/6 levels left

rFire   . . .      SeeInvis .   c - +0 whip
rCold   . . .      Faith    .   (no shield)
rNeg    . . .      Spirit   .   a - +0 robe
rPois   .          Reflect  .   (no helmet)
rElec   .          Harm     .   (no cloak)
rCorr   .          Rampage  .   (no gloves)
Will    .....                   (no boots)
Stlth   ++........              (no amulet)
HPRegen 0.08/turn               (no ring)
MPRegen 0.11/turn               (no ring)

@: no status effects
A: high MP 1, forlorn, divine attributes
a: no special abilities


You were on level 2 of the Dungeon.
You visited 1 branch of the dungeon, and saw 2 of its levels.

You collected 115 gold pieces.

Inventory:

Hand Weapons
 c - a +0 whip (weapon)
Missiles
 i - 2 throwing nets
Armour
 a - a +0 robe (worn)
Jewellery
 g - a ring of fire
Scrolls
 d - a scroll of teleportation
 e - a scroll of enchant weapon {unknown}
 h - a scroll of magic mapping {unknown}
 j - a scroll of immolation {unknown}
Potions
 b - a potion of magic
 f - 2 potions of lignification {unknown}
 k - a potion of attraction {unknown}


   Skills:
 - Level 1.7 Dodging
 - Level 1.7 Stealth
 + Level 2.3 Spellcasting
 + Level 1.9 Conjurations
 + Level 3.2 Fire Magic


You had 3 spell levels left.
You knew the following spells:

 Your Spells              Type           Power      Damage    Failure   Level
a - Foxfire               Conj/Fire      52%        2x1d6     4%          1
b - Scorch                Fire           32%        2d6       6%          2

Your spell library contained the following spells:

 Spells                   Type           Power      Damage    Failure   Level
 Conjure Flame            Conj/Fire      13%        6-21      14%         3
 Inner Flame              Hex/Fire       9%         N/A       22%         3
 Flame Wave               Conj/Fire      13%        2d6       43%         4


Dungeon Overview and Level Annotations

Branches:
Dungeon (2/15)


Innate Abilities, Weirdness & Mutations

You have an increased reservoir of magic. (+10% MP)
You shall have no god before yourself.
Your divine heritage dramatically boosts your attributes as you level up.


Message History

You conjure some foxfire!
The worm closely misses you.
A worm is nearby!
A worm is nearby!
A worm is nearby!
Casting: Foxfire (safe; 4% risk of failure)
Confirm with . or Enter, or press ? or * to list all spells.
Flames lash the worm.
The worm is moderately wounded.
The worm's fire resistance burns away.
You hear a shout!
A hobgoblin comes into view.
The worm bites you!
Casting: Scorch (safe; 6% risk of failure)
Confirm with . or Enter, or press ? or * to list all spells.
Flames lash the worm.
The worm is burned terribly!
The worm is almost dead.
The hobgoblin barely misses you. The worm bites you!
The hobgoblin hits you but does no damage.
Casting: Scorch (safe; 6% risk of failure)
Confirm with . or Enter, or press ? or * to list all spells.
Flames lash the worm.
The worm is burned terribly!
You kill the worm!
The hobgoblin hits you but does no damage.
The hobgoblin barely misses you. The hobgoblin attacks as you move away!
The hobgoblin hits you.
* * * LOW HITPOINT WARNING * * *
Casting: Scorch (safe; 6% risk of failure)
Confirm with . or Enter, or press ? or * to list all spells.
You conjure some foxfire!
The hobgoblin hits you.
* * * LOW HITPOINT WARNING * * *
The hobgoblin closely misses you.
Casting: Foxfire (safe; 4% risk of failure)
Confirm with . or Enter, or press ? or * to list all spells.
Flames lash the hobgoblin.
The hobgoblin is severely wounded.
The hobgoblin's fire resistance burns away.
The hobgoblin barely misses you. The hobgoblin hits you.
You die...

..##.....#.# ..
#.....#.# .#... .
#.......# .#..
##...†..#....
#......#..†
#.....§#..###
#......##.†#$##
#......#..#!#g# .
#######..###@#..##.#
##..#v###..?.#
##....#...#.#
#.#......# #
#........#
###.####.# ### #


You could see a hobgoblin (combustible, ally target).

Vanquished Creatures
  A worm (D:2)
  A dart slug (D:2)
  6 ball pythons
  5 bats (D:1)
  2 endoplasms
  A giant cockroach (D:1)
  4 hobgoblins (D:1)
  5 kobolds (D:1)
  3 quokkas
  4 goblins (D:1)
  5 rats
37 creatures vanquished.

Vanquished Creatures (others)
  146 foxfires
146 creatures vanquished.

Grand Total: 183 creatures vanquished

Notes
Turn   | Place    | Note
-------+----------+-------------------------------------------
     0 | D:1      | kae the Demigod Fire Elementalist began the quest for the
                  | Orb.
     0 | D:1      | Reached XP level 1. HP: 14/14 MP: 5/5
    19 | D:1      | Reached skill level 1 in Conjurations
   451 | D:1      | Reached XP level 2. HP: 20/20 MP: 1/7
   454 | D:1      | Learned a level 2 spell: Scorch
   614 | D:1      | Reached skill level 3 in Fire Magic
  1591 | D:1      | Reached XP level 3. HP: 26/26 MP: 5/9
  1991 | D:2      | Slain by a hobgoblin

Illustrated notes

Levels and vault maps discovered:
D:1:      scummos_arrival_forest, layout_basic,
          hellmonk_ecumenical_altar_lost_god
D:2:      layout_basic, minmay_pentomino_x4, uniq_robin, uniq_crazy_yiuf_cottage

Skill      XL: |  1  2 |
---------------+-------+-----
Conjurations   | 1 |  1.9
Spellcasting   | 2 |  2.3
Fire Magic     | 3 |  3.2
Dodging        | |  1.7
Stealth        | |  1.7

Action                   || total
-------------------------++-------
Melee: Unarmed           ||     4
 Cast: Foxfire           ||    88
       Scorch            ||     7
  Use: Scroll            ||     1
Armor: Robe              ||     3
Dodge: Dodged            ||    16

Table legend: (Time is in decaauts)
 A = Elapsed time spent in this place.
 B = Non-inter-level travel time spent in this place.
 C = Inter-level travel time spent in this place.
 D = Time resting spent in this place.
 E = Time spent auto-exploring this place.
 F = Levels seen in this place.
 G = Mean time per level.
                   A        B        C        D        E       F      G
               +--------+--------+--------+--------+--------+-----+--------+
         Total |   1991 |   1960 |     31 |      0 |   1680 |   2 |  995.5 |
       Dungeon |   1991 |   1960 |     31 |      0 |   1680 |   2 |  995.5 |
               +--------+--------+--------+--------+--------+-----+--------+

Top non-repeatable levels by time:
     D:1: 1830 daAuts
     D:2: 161 daAuts
